 Dungeon Crawl Stone Soup version 0.29-a0-477-g62b78b4225 (webtiles) character file.

Game seed: 7465737003827529585

26309 chopper the Severer (level 12, -2/108 HPs)
             Began as a Minotaur Fighter on May 23, 2022.
             Was a Follower of Nemelex Xobeh.
             Succumbed to barbed spike wounds
             ... on level 13 of the Dungeon on May 25, 2022.
             The game lasted 02:06:09 (20083 turns).

chopper the Severer (Minotaur Fighter)             Turns: 20083, Time: 02:06:09

Health: -2/108     AC: 24    Str: 26    XL:     12   Next: 97%
Magic:  11/11      EV: 13    Int:  5    God:    Nemelex Xobeh [*.....]
Gold:   451        SH:  0    Dex: 10    Spells: 11/11 levels left

rFire   . . .      SeeInvis .   o - +8 mithril axe "Arga" {speed, Will+}
rCold   + . .      Faith    .   (no shield)
rNeg    . . .      Spirit   .   U - +3 chain mail {Will+}
rPois   .          Reflect  .   (helmet restricted)
rElec   .          Harm     .   q - +2 cloak
rCorr   .          Rampage  .   e - +2 pair of gloves
Will    ++...                   E - +0 pair of boots
Stlth   ..........              u - amulet of the acrobat
HPRegen 0.28/turn               y - +4 ring of evasion
MPRegen 0.12/turn               r - ring of protection from cold

@: about to teleport, spiked, invisible
A: horns 2, retaliatory headbutt
a: Renounce Religion, Draw Escape, Draw Destruction, Draw Summoning


You were on level 13 of the Dungeon.
You worshipped Nemelex Xobeh.
Nemelex Xobeh was aware of your devotion.
You visited 4 branches of the dungeon, and saw 17 of its levels.
You also visited: Sewer.

You collected 1418 gold pieces.
You spent 967 gold pieces at shops.

Inventory:

Hand Weapons
 a - a +0 war axe
 d - a +2 great mace
 i - a +1 antimagic hand axe
 j - a +2 broad axe of venom
 k - a +0 mace of holy wrath
 o - the +8 mithril axe "Arga" (weapon) {speed, Will+}
   (You acquired it on level 3 of the Dungeon)

   Attacks with this weapon are significantly faster.
   Will:      It increases your willpower.
 K - a +0 shortbow
 M - a +1 great mace of protection
 O - a +5 spear of venom
 S - the +8 hand axe of the Endless March {vorpal, rElec MP+9 Stlth+}
   (You found it on level 7 of the Dungeon)

   It inflicts extra damage upon your enemies.
   rElec:     It insulates you from electricity.
   MP:        It affects your magic capacity (+9).
   Stlth:     It makes you more stealthy.
 V - a +4 halberd of freezing
Missiles
 w - a boomerang of dispersal
 A - 7 curare-tipped darts
 G - 6 atropa-tipped darts
 R - 4 throwing nets (quivered)
 W - 17 boomerangs
Armour
 e - a +2 pair of gloves (worn)
 q - a +2 cloak (worn)
 C - a +0 kite shield
 D - a +2 buckler
 E - a +0 pair of boots (worn)
 U - a +3 chain mail of willpower (worn)
Jewellery
 r - a ring of protection from cold (right hand)
 t - a +6 ring of intelligence
 u - an amulet of the acrobat (around neck)
 y - a +4 ring of evasion (left hand)
 B - a ring of ice
 P - a ring of protection from cold
 Z - a ring of poison resistance
Wands
 c - a wand of polymorph (11)
 H - a wand of digging (9)
 T - a wand of iceblast (27)
 X - a wand of flame (27)
 Y - a wand of acid (6)
Scrolls
 h - a scroll of magic mapping
 l - 2 scrolls of blinking
 n - 4 scrolls of teleportation
 s - 2 scrolls of identify
 v - a scroll of summoning
 N - a scroll of enchant weapon
Potions
 b - 3 potions of flight
 f - 2 potions of berserk rage
 m - 4 potions of curing
 p - 4 potions of resistance
 x - 2 potions of haste
 z - 2 potions of lignification
 L - a potion of cancellation
Miscellaneous
 g - a box of beasts


   Skills:
 + Level 10.9 Fighting
 + Level 18.0 Axes
 + Level 1.8(11.9) Polearms
 + Level 2.0 Throwing
 + Level 13.1 Armour
 + Level 2.5 Dodging
 + Level 0.8 Stealth
 + Level 9.4 Shields
 + Level 1.3 Evocations


You had 11 spell levels left.
You didn't know any spells.
Your spell library contained the following spells:

 Spells                   Type           Power      Damage    Failure   Level
 Apportation              Tloc           0%         N/A       91%         1
 Necrotize                Necr           0%         1d4       91%         1
 Summon Small Mammal      Summ           0%         N/A       91%         1


Dungeon Overview and Level Annotations

Branches:
Dungeon (14/15)            Temple (1/1) D:5            Lair (1/6) D:8
    Orc (2/2) D:9             Elf (0/3) Orc:2         Sewer (visited)
 Vaults: D:13-14

Altars:
Ashenzari
Cheibriados
Dithmenos
Elyvilon
Fedhas
Gozag
Hepliaklqana
Kikubaaqudgha
Makhleb
Nemelex Xobeh
Okawaru
Qazlal
Ru
Sif Muna
Trog
Uskayaw
Vehumet
Wu Jian
Xom
Yredelemnul
Zin
The Shining One
Beogh

Shops:
D:6 *   D:7 **!   D:8 :   D:9 ?   D:10 *(?   Orc:2 [[

Annotations:
D:4 1 runed translucent door
D:8 1 transporter
Orc:2 Saint Roka


Innate Abilities, Weirdness & Mutations

You have a pair of horns on your head.
You reflexively headbutt those who attack you in melee.


Message History

You draw a card...
You have drawn the Elements.
The deck of cards glows slightly and disappears.
The manticore flicks its tail.
The volley of spikes hits your catoblepas.
The barbed spikes dig painfully into your body as you move.
* * * LOW HITPOINT WARNING * * *
The manticore flicks its tail.
The volley of spikes hits your catoblepas!
The barbed spikes dig painfully into your body as you move.
* * * LOW HITPOINT WARNING * * *
The manticore barely misses your catoblepas.
The manticore claws your catoblepas. x2
Your catoblepas breathes a plume of calcifying dust at the manticore.
The blast of calcifying dust hits the manticore!
There is a stone staircase leading up here.
The manticore is engulfed in calcifying dust.
The manticore is moving more slowly.
The manticore flicks its tail.
The volley of spikes hits your catoblepas!
Your catoblepas gores the manticore!!
The barbed spikes dig painfully into your body as you move.
* * * LOW HITPOINT WARNING * * *
You climb upwards.
The centaur shouts! x2; You hear a shout! x2
There is a stone staircase leading down here.
As you read the scroll of fog, it crumbles to dust.
The scroll dissolves into smoke.
The centaur wields a +0 shortbow.
The centaur shoots an arrow.
The arrow closely misses you.
The centaur warrior wields a +0 shortbow.
The centaur warrior shoots an arrow.
The arrow closely misses you.
You hear a shout!
As you read the scroll of teleportation, it crumbles to dust.
You feel strangely unstable.
The centaur warrior shoots an arrow.
The arrow closely misses you.
The centaur shoots an arrow.
The arrow hits you.
* * * LOW HITPOINT WARNING * * *
You hear a shout!
You fade into invisibility!
The barbed spikes dig painfully into your body as you move.
You die...
Your body disappears without a glow.

#.....###
#........
#####.....c..
#...........c
#......§c..c..
#..§§§§c§.....
#..§§§§§§.....
#§@§..#
#§§§§.#
#§§§§.#
##....# ....#
#...# ....
.....


You could see 2 centaurs.

Vanquished Creatures
  Fannar (Orc:1)
  Harold (Orc:1)
  5 two-headed ogres
  An orc high priest (Orc:2)
  5 orc knights
  5 orc sorcerers
  2 cyclopes (Orc:2)
  Maurice (Orc:2)
  2 cane toads (Lair:1)
  6 trolls (Orc:2)
  Grinder (D:6)
  A hornet (D:9)
  16 yaks
  2 wraiths (D:10)
  2 wyverns
  2 vampire mosquitoes (D:10)
  A warg (Orc:2)
  Menkaure (D:7)
  Edmund (D:5)
  An acid dragon (D:9)
  4 black bears
  35 orc warriors
  2 sky beasts
  4 ice beasts
  14 ogres
  5 centaurs
  2 phantoms
  A kobold brigand (D:6)
  2 gnoll sergeants
  2 bullfrogs (Sewer)
  3 necrophages
  3 scorpions
  12 wights
  18 killer bees
  3 electric eels
  4 howler monkeys
  5 jellies
  19 orc priests
  3 hounds
  5 iguanas
  14 orc wizards
  13 gnolls
  A river rat (D:3)
  12 adders
  A shadow imp (D:5)
  A white imp (D:8)
  4 worms
  4 dart slugs
  105 orcs
  14 ball pythons
  13 bats
  10 endoplasms
  11 giant cockroaches
  11 hobgoblins
  17 kobolds
  9 quokkas
  8 frilled lizards
  7 goblins
  12 rats
470 creatures vanquished.

Vanquished Creatures (collateral kills)
  An orc sorcerer (Orc:2)
1 creature vanquished.

Vanquished Creatures (others)
  A fungus (Lair:1)
  7 plants
8 creatures vanquished.

Grand Total: 479 creatures vanquished

Notes
Turn   | Place    | Note
-------+----------+-------------------------------------------
     0 | D:1      | chopper the Minotaur Fighter began the quest for the Orb.
     0 | D:1      | Reached XP level 1. HP: 19/19 MP: 0/0
   114 | D:1      | Found a faded altar of an unknown god.
   347 | D:1      | Reached XP level 2. HP: 24/27 MP: 1/1
   700 | D:1      | Reached XP level 3. HP: 30/33 MP: 2/2
  1220 | D:2      | Reached skill level 3 in Axes
  1349 | D:2      | Identified the +4 leather armour of Neorghyac {-Tele Str+2
                  | Dex+3}
  1362 | D:2      | Reached XP level 4. HP: 40/40 MP: 3/3
  2372 | D:3      | Found a glowing drain.
  2384 | D:3      | Reached XP level 5. HP: 17/47 MP: 4/4
  2391 | Sewer    | Entered a sewer
  2667 | Sewer    | Reached skill level 4 in Axes
  3022 | Sewer    | Reached skill level 5 in Armour
  3073 | Sewer    | Reached skill level 5 in Fighting
  3088 | Sewer    | Reached XP level 6. HP: 45/56 MP: 5/5
  3091 | Sewer    | Reached skill level 5 in Axes
  3273 | D:3      | Reached skill level 1 in Dodging
  3400 | D:3      | Identified 2 scrolls of acquirement
  3405 | D:3      | Acquired a +2 broad axe of venom
  3420 | D:3      | Acquired the +8 mithril axe "Arga" {speed, Will+}
  3420 | D:3      | Found the +8 mithril axe "Arga" {speed, Will+}
  3549 | D:3      | Reached XP level 7. HP: 62/62 MP: 6/6
  4165 | D:4      | Reached skill level 6 in Axes
  4403 | D:4      | Found an opulent altar of Gozag.
  4403 | D:4      | Found a shimmering altar of Xom.
  4415 | D:4      | Found a runed translucent door.
  4416 | D:4      | Noticed a human
  4418 | D:4      | Found a basalt altar of Yredelemnul.
  4462 | D:4      | Reached skill level 5 in Shields
  4489 | D:3      | Reached skill level 7 in Axes
  4584 | D:4      | Reached XP level 8. HP: 66/70 MP: 7/7
  4752 | D:5      | Entered Level 5 of the Dungeon
  4857 | D:5      | Noticed Edmund
  4870 | D:5      | Killed Edmund
  4871 | D:5      | Reached skill level 8 in Axes
  4917 | D:5      | Found a broken altar of Ashenzari.
  5066 | D:5      | Found a shimmering blue altar of Sif Muna.
  5155 | D:5      | Reached skill level 9 in Axes
  5313 | D:5      | Found a staircase to the Ecumenical Temple.
  5590 | Temple   | Entered the Ecumenical Temple
  5859 | D:6      | Found a sacrificial altar of Ru.
  5865 | D:6      | Noticed Grinder
  5881 | D:6      | Killed Grinder
  5882 | D:6      | Reached skill level 10 in Axes
  5882 | D:6      | Reached XP level 9. HP: 56/79 MP: 8/8
  6578 | D:6      | Found a stormy altar of Qazlal.
  6690 | D:6      | Reached skill level 11 in Axes
  7246 | D:6      | Found Ujeutid's Lightly-Used Armoury.
  7623 | D:7      | Identified the +8 hand axe of the Endless March {vorpal,
                  | rElec MP+9 Stlth+}
  7789 | D:7      | Reached skill level 12 in Axes
  7789 | D:7      | Reached XP level 10. HP: 81/88 MP: 9/9
  8360 | D:7      | Noticed Menkaure
  8367 | D:7      | Killed Menkaure
  8439 | D:7      | Found Nochaargh's Distillery.
  8449 | D:7      | Found Dopeof's Specific Store.
  8451 | D:7      | Found Issesh's General Store.
  8821 | D:7      | Reached skill level 13 in Axes
  9137 | D:7      | Bought a scroll of identify for 28 gold pieces
  9137 | D:7      | Bought 3 scrolls of identify for 84 gold pieces
  9494 | D:8      | Found a transporter.
  9588 | D:8      | Found a transporter.
  9604 | D:8      | Found a staircase to the Lair.
 10111 | D:8      | Found Ziugol's Book Shoppe.
 10361 | Lair:1   | Entered Level 1 of the Lair of Beasts
 10381 | Lair:1   | Noticed a cane toad
 10479 | Lair:1   | Killed a cane toad
 11008 | Lair:1   | Noticed a cane toad
 11014 | Lair:1   | Killed a cane toad
 11981 | D:8      | Reached skill level 1 in Evocations
 11995 | D:9      | Reached skill level 10 in Armour
 12035 | D:9      | Noticed a two-headed ogre
 12042 | D:9      | Killed a two-headed ogre
 12049 | D:9      | Paralysed by a hornet for 2 turns
 12053 | D:9      | Reached skill level 14 in Axes
 12195 | D:9      | Found Benagru's Magic Scroll Shoppe.
 12223 | D:9      | Bought a scroll of identify for 30 gold pieces
 12223 | D:9      | Bought a scroll of identify for 30 gold pieces
 12223 | D:9      | Bought a scroll of identify for 30 gold pieces
 12228 | D:9      | Bought a scroll of brand weapon for 300 gold pieces
 12228 | D:9      | Bought a scroll of enchant weapon for 112 gold pieces
 12512 | D:9      | Reached XP level 11. HP: 95/95 MP: 10/10
 12539 | D:9      | Found a staircase to the Orcish Mines.
 12740 | D:10     | Entered Level 10 of the Dungeon
 12749 | D:10     | Found Emisoiz's Weapon Emporium.
 12786 | D:10     | Found Askagh's Assorted Antiques.
 12805 | D:10     | Bought a scroll of identify for 50 gold pieces
 12900 | D:10     | Found a sparkling altar of Nemelex Xobeh.
 12972 | D:10     | Became a worshipper of Nemelex Xobeh the Trickster
 13281 | D:10     | Found Itais's Magic Scroll Shoppe.
 13431 | D:10     | Bought 3 scrolls of identify for 72 gold pieces
 13575 | D:10     | Found a burning altar of Makhleb.
 13575 | D:10     | Noticed a blizzard demon
 13742 | D:10     | Upgraded the game from 0.29-a0-472-ge5599a681e to
                  | 0.29-a0-474-gdfe5cd140f
 14256 | Orc:1    | Entered Level 1 of the Orcish Mines
 14403 | Orc:1    | Noticed an orc sorcerer
 14407 | Orc:1    | Killed an orc sorcerer
 14497 | Orc:2    | Entered Level 2 of the Orcish Mines
 14518 | Orc:2    | Noticed a two-headed ogre
 14526 | Orc:2    | Killed a two-headed ogre
 14527 | Orc:2    | Reached skill level 15 in Axes
 14555 | Orc:2    | Noticed a two-headed ogre
 14568 | Orc:2    | Killed a two-headed ogre
 14697 | Orc:2    | Reached * piety under Nemelex Xobeh
 14804 | Orc:1    | Noticed Fannar
 14815 | Orc:1    | Killed Fannar
 14834 | Orc:1    | Noticed an orc knight
 14837 | Orc:1    | Noticed an orc sorcerer
 14844 | Orc:1    | Noticed an orc knight
 15169 | Orc:2    | Killed an orc knight
 15376 | Orc:2    | Reached skill level 16 in Axes
 15707 | Orc:2    | Killed an orc sorcerer
 15708 | Orc:2    | Reached XP level 12. HP: 47/106 MP: 11/11
 16194 | Orc:1    | Reached skill level 1 in Polearms
 16365 | Orc:1    | Received a gift from Nemelex Xobeh
 16401 | Orc:1    | Reached skill level 1 in Throwing
 16669 | Orc:2    | Noticed a two-headed ogre
 16679 | Orc:2    | Killed a two-headed ogre
 16972 | Orc:1    | Noticed Harold
 16987 | Orc:1    | Killed Harold
 16988 | Orc:1    | Reached skill level 10 in Fighting
 17290 | Orc:2    | Found Jarew's Armour Shoppe.
 17310 | Orc:2    | Found Faosh's Armour Emporium.
 17310 | Orc:2    | Noticed a two-headed ogre
 17331 | Orc:1    | Killed a two-headed ogre
 17973 | Orc:2    | Noticed an orc high priest
 17991 | Orc:2    | Reached skill level 17 in Axes
 17998 | Orc:2    | Killed an orc high priest
 18167 | Orc:2    | Bought a +2 pair of gloves for 231 gold pieces
 18838 | Orc:2    | Found a staircase to the Elven Halls.
 18895 | Orc:2    | Noticed Maurice
 18899 | Orc:2    | Killed Maurice
 19265 | Orc:2    | Noticed Saint Roka
 19318 | Orc:2    | Reached skill level 18 in Axes
 19977 | D:9      | Upgraded the game from 0.29-a0-474-gdfe5cd140f to
                  | 0.29-a0-477-g62b78b4225
 20051 | D:11     | You fall into a shaft and drop 3 floors!
 20079 | D:13     | Noticed a centaur warrior
 20081 | D:13     | HP: 2/108 [centaur/arrow[a centaur warrior] (5)]
 20083 | D:13     | Succumbed to barbed spike wounds

Illustrated notes

Levels and vault maps discovered:
D:1:      nicolae_arrival_washed_ashore, layout_basic,
          hellmonk_ecumenical_altar_crossroads, serial_bayou_pond_d
D:2:      minmay_inner_zag, layout_basic, chequers_serial_rivers_marsh
D:3:      layout_basic, cheibrodos_sewer_entry_sluice, fountainhead,
          minmay_divided_ellipse
D:4:      layout_cave_pools, dk_yredelemnul_ordeal,
          gammafunk_temple_overflow_wave
D:5:      layout_loops_ring, kennysheep_mini, mainiacjoe_overflow_boulevard,
          minmay_temple_entry_stoned_glass, kennysheep_opposing_triangles,
          uniq_edmund
D:6:      layout_gridville, grunt_qazlal_clouds, lemuel_doored_altar,
          minmay_shop_damaged, minivault_1, uniq_grinder
D:7:      layout_loops_corners, serial_shops, shop, nrook_pool_corridor,
          nicolae_specific_store, st_stairs_11, uniq_menkaure
D:8:      gammafunk_cloud_chamber, layout_basic, lair_entry_dummy, serial_shops,
          shop_statue, minmay_tree_intersection
D:9:      layout_cave_pools, hiddenorc1_lemuel, serial_shops, shop
D:10:     layout_loops_ring, mainiacjoe_overflow_cross_hatched,
          makhleb_altar_promises_db, serial_shops, nicolae_stop_n_shop_1,
          nicolae_lakefront_shop, shop_fountains
D:11:     layout_basic, gauntlet_entry_generic
D:13:     kennysheep_green_arena, layout_gridville,
          hangedman_vaults_entry_quadrant_bands, serial_shops,
          nicolae_diamond_shop
D:14:     layout_irregular_city, nemelex_diamond_rough_becter,
          patterned_corridor, uniq_louise
Temple:   nicolae_temple_figure_eight
Lair:1:   layout_layer_cave, serial_bayou, serial_bayou_crossing,
          serial_bayou_pond_e, serial_bayou_lake_a, serial_bayou_ford_a
Orc:1:    layout_diamond_mine, uniq_fannar, uniq_harold
Orc:2:    pubby_orc_utopia, serial_shops, uniq_maurice

Skill      XL: |  1  2  3  4  5  6  7  8  9 10 11 12 |
---------------+-------------------------------------+-----
Fighting       | 4 5 6 7 8 9 10 | 10.9
Armour         | 4 5 6 7 8 10 11 13 | 13.1
Shields        | 4 5 6 7 9 |  9.4
Axes           | 3 4 5 7 10 12 14 16 18 | 18.0
Dodging        | 1 2 |  2.5
Evocations     | 1 |  1.3
Polearms       | 1 |  1.8
Throwing       | 2 |  2.0
Stealth        | |  0.8

Action                   |  1- 3 |  4- 6 |  7- 9 | 10-12 || total
-------------------------+-------+-------+-------+-------++-------
Melee: War axe           |    97 |   129 |       |       ||   226
       Headbutt          |    14 |    12 |    25 |    98 ||   149
       Broad axe         |       |    12 |   221 |   532 ||   765
       Spear             |       |       |       |     5 ||     5
       Halberd           |       |       |       |    20 ||    20
       Punch             |       |       |       |     3 ||     3
Throw: Boomerang         |       |       |       |    27 ||    27
       Throwing net      |       |       |       |     2 ||     2
Invok: Draw Escape       |       |       |       |     3 ||     3
       Draw Summoning    |       |       |       |     2 ||     2
       Draw Destruction  |       |       |       |     1 ||     1
Evoke: Wand              |       |       |       |     8 ||     8
  Use: Scroll            |       |     7 |     4 |    26 ||    37
       Potion            |       |       |       |     5 ||     5
Armor: Scale mail        |    45 |       |       |       ||    45
       Plate armour      |     7 |   176 |    99 |   137 ||   419
       Chain mail        |       |       |       |    35 ||    35
Dodge: Dodged            |    69 |    70 |    83 |   278 ||   500
Block: Buckler           |    25 |    59 |     2 |    31 ||   117
       Kite shield       |       |       |    99 |    97 ||   196

Table legend: (Time is in decaauts)
 A = Elapsed time spent in this place.
 B = Non-inter-level travel time spent in this place.
 C = Inter-level travel time spent in this place.
 D = Time resting spent in this place.
 E = Time spent auto-exploring this place.
 F = Levels seen in this place.
 G = Mean time per level.
                   A        B        C        D        E       F      G
               +--------+--------+--------+--------+--------+-----+--------+
         Total |  20070 |  20070 |      0 |   4689 |      0 |  18 | 1115.0 |
       Dungeon |  11893 |  11893 |      0 |   1311 |      0 |  13 |  914.8 |
        Temple |    256 |    256 |      0 |      0 |      0 |   1 |  256.0 |
          Lair |   1498 |   1498 |      0 |    160 |      0 |   1 | 1498.0 |
  Orcish Mines |   5579 |   5579 |      0 |   2822 |      0 |   2 | 2789.5 |
         Sewer |    842 |    842 |      0 |    396 |      0 |   1 |  842.0 |
               +--------+--------+--------+--------+--------+-----+--------+

Top non-repeatable levels by time:
   Orc:2: 3782 daAuts
     D:7: 1831 daAuts
   Orc:1: 1797 daAuts
     D:8: 1573 daAuts
     D:6: 1543 daAuts
  Lair:1: 1498 daAuts
     D:3: 1272 daAuts
     D:2: 1178 daAuts
    D:10: 1086 daAuts
     D:1: 972 daAuts
     D:9: 880 daAuts
     D:5: 848 daAuts
   Sewer: 842 daAuts
     D:4: 645 daAuts
  Temple: 256 daAuts
